 Dungeon Crawl Stone Soup version 0.30.0-20-g3b4254fcbd (webtiles) character file.

Game seed: 12273498051551313426

416 RascalDebosk the Magician (level 7, 0/49 HPs)
             Began as a Djinni Gladiator on June 2, 2023.
             Killed themself with a badly aimed concussive blast (2 damage)
             ... on level 4 of the Dungeon on June 3, 2023.
             The game lasted 00:28:08 (3790 turns).

RascalDebosk the Magician (Djinni Gladiator)        Turns: 3790, Time: 00:28:08

Health: 0/49       AC:  4    Str: 13    XL:     7   Next: 15%
Gold:   177        EV: 12    Int: 12    God:
                   SH:  0    Dex: 14

rFire   + + .        a - +0 long sword
rCold   x . .        (no shield)
rNeg    . . .        b - +0 leather armour
rPois   ∞            c - +0 helmet
rElec   .            (no cloak)
rCorr   .            (no gloves)
SInv    .            (boots unavailable)
Will    .....        (no amulet)
Stlth   +            (no ring)
HPRegen 0.28/turn    (no ring)
MPRegen 0.00/turn

%: infuse magic (-1 HP)
@: flying, very slightly contaminated
A: sickness immunity, fire resistance 2, cold vulnerability 1, float, innate
caster, HP casting, extra vitality 1
a: no special abilities


You were on level 4 of the Dungeon.
You visited 2 branches of the dungeon, and saw 6 of its levels.

You collected 177 gold pieces.

Inventory:

Hand Weapons
 a - a +0 long sword (weapon)
Missiles
 d - 2 throwing nets (quivered) {@!f}
 e - a javelin
Armour
 b - a +0 leather armour (worn)
 c - a +0 helmet (worn)
Jewellery
 s - a ring of ice
Scrolls
 f - a scroll of fog {unknown}
 g - 6 scrolls of identify {unknown}
 h - a scroll of summoning {unknown}
 i - a scroll of enchant armour {unknown}
 o - a scroll of teleportation {unknown}
 p - a scroll of blinking {unknown}
 r - a scroll of fear {unknown}
 t - a scroll of silence {unknown}
 v - a scroll of vulnerability {unknown}
 w - a scroll of acquirement {unknown}
Potions
 j - 3 potions of lignification {unknown}
 k - 4 potions of curing {unknown}
 l - 2 potions of mutation {unknown}
 m - a potion of attraction {unknown}
 n - 3 potions of haste {unknown}
 q - a potion of ambrosia {unknown}
 u - a potion of heal wounds {unknown}


   Skills:
 + Level 2.8 Fighting
 - Level 2.6 Long Blades
 - Level 1.5 Throwing
 + Level 1.7 Armour
 - Level 3.2 Dodging
 * Level 4.5 Spellcasting


You knew the following spells:

 Your Spells              Type           Power      Damage    Failure   Level
a - Sting                 Tmut/Pois      52%        1d5       4%          1
b - Call Imp              Summ           26%        N/A       6%          2
c - Volatile Blastmotes   Fire/Tloc      26%        2d12      12%         3
Your spell library was empty.

Dungeon Overview and Level Annotations

Branches:
Dungeon (5/15)             Temple (1/1) D:4

Altars:
Dithmenos
Fedhas
Hepliaklqana
Nemelex Xobeh
Qazlal
Trog
Uskayaw
Wu Jian
Xom
Yredelemnul
Zin
The Shining One


Innate Abilities, Weirdness & Mutations

You are immune to sickness and miasma.
You are immune to poison.
Your flesh is very heat resistant. (rF++)
You are vulnerable to cold. (rC-)
You float through the air rather than walking.
You learn spells naturally, not from books.
Your magical power is your life essence.
You have superior vitality. (+4 MHP)


Message History

Casting: Volatile Blastmotes (dangerous; 12% risk of failure)
Confirm with . or Enter, or press ? or * to list all spells.
Aiming: Sting (safe; 4% risk of failure)
Press: ? - help, Shift-Dir - straight line, f - orc
Aim: an orc, wielding a +0 war axe (almost dead, 71% to hit)
The sting hits the orc.
The orc is poisoned.
You kill the orc!
The orc shouts!
Casting: Sting (safe; 4% risk of failure)
Confirm with . or Enter, or press ? or * to list all spells.
Aiming: Sting (safe; 4% risk of failure)
Press: ? - help, Shift-Dir - straight line, f - adder
Aim: an adder (53% to hit)
The sting hits the adder.
The adder is poisoned.
The adder is lightly wounded.
Casting: Sting (safe; 4% risk of failure)
Confirm with . or Enter, or press ? or * to list all spells.
A cloud of volatile blastmotes flares up around you!
The adder closely misses you. x2
The adder barely misses you.
You fly upwards.
There is a stone staircase leading down here.
Casting: Volatile Blastmotes (dangerous; 12% risk of failure)
Confirm with . or Enter, or press ? or * to list all spells.
A cloud of volatile blastmotes flares up around you!
The orc closely misses you. The adder closely misses you.
The orc attacks as you move away! The orc hits you but does no damage.
The cloud of blastmotes explodes!
The concussive blast engulfs the adder.
The adder is almost dead.
The concussive blast engulfs the orc.
The orc is heavily wounded.
The concussive blast engulfs you. You resist.
The orc is knocked back by the blast.
You are knocked back by the blast.
Casting: Volatile Blastmotes (dangerous; 12% risk of failure)
Confirm with . or Enter, or press ? or * to list all spells.
A cloud of volatile blastmotes flares up around you!
The adder bites you but does no damage. The adder attacks as you move away!
The adder bites you but does no damage.
The cloud of blastmotes explodes!
The concussive blast engulfs the adder!
You kill the adder!
The concussive blast engulfs you. You resist.
You are knocked back by the blast.
Casting: Volatile Blastmotes (dangerous; 12% risk of failure)
Confirm with . or Enter, or press ? or * to list all spells.
A cloud of volatile blastmotes flares up around you!
Casting: Volatile Blastmotes (dangerous; 12% risk of failure)
Confirm with . or Enter, or press ? or * to list all spells.
A cloud of volatile blastmotes flares up around you!
* * * LOW HITPOINT WARNING * * *
The orc attacks as you move away! The orc closely misses you.
The cloud of blastmotes explodes!
The concussive blast engulfs the orc.
You kill the orc!
The concussive blast engulfs you. You resist.
* * * LOW HITPOINT WARNING * * *
You are knocked back by the blast.
Things that are here:
a +0 club; a +0 chain mail
There is a stone staircase leading down here.
You start resting.
HP restored.
You fly downwards.
The water moccasin hisses angrily.
The ogre barely misses you.
An ice beast comes into view.
There is a stone staircase leading up here.
The water moccasin closely misses you.
The ogre hits you with a +0 giant club!!
The orc barely misses you. The water moccasin bites you.
You fly upwards.
There is a stone staircase leading down here.
Casting: Volatile Blastmotes (dangerous; 12% risk of failure)
Confirm with . or Enter, or press ? or * to list all spells.
You miscast Volatile Blastmotes.
You are very lightly contaminated with residual magic.
Nothing appears to happen.
* * * LOW HITPOINT WARNING * * *
The water moccasin bites you.
* * * LOW HITPOINT WARNING * * *
The ogre barely misses you. The orc closely misses you.
The orc attacks as you move away! The orc hits you with a +0 war axe.
* * * LOW HITPOINT WARNING * * *
The water moccasin attacks as you move away!
The water moccasin barely misses you. The water moccasin bites you.
* * * LOW HITPOINT WARNING * * *
The water moccasin attacks as you move away!
The water moccasin completely misses you.
The water moccasin attacks as you move away!
The water moccasin bites you but does no damage.
The water moccasin bites you.
* * * LOW HITPOINT WARNING * * *
Casting: Volatile Blastmotes (dangerous; 12% risk of failure)
Confirm with . or Enter, or press ? or * to list all spells.
A cloud of volatile blastmotes flares up around you!
* * * LOW HITPOINT WARNING * * *
The water moccasin misses you.
The cloud of blastmotes explodes!
The concussive blast engulfs the water moccasin!
The water moccasin is moderately wounded.
The concussive blast engulfs you. You resist.
You die...

.# #.####...## #..# #.# .#
#..#.8.#..# #..# #÷# .#
##......#.###..### #.# .#
##8.>.8.........# #####.# .#
#.....#####..#.# #.....# .#
##.8.## #..#.####.###)#### .#
####.# #.........# #..... .####
#.# #[##.####.###.####
....######.#####@##.# #.......#
...........>Oo.S.##.# #.......#
########.#.########.###.......#
#......................#
###..........###...(...#
############ #.......#
#.......# #########


You could see a water moccasin, an ogre and an orc.

Vanquished Creatures
  An ogre (D:4)
  A scorpion (D:4)
  A sleepcap (D:4)
  Natasha (twice) (D:2)
  11 adders
  3 dart slugs
  8 orcs
  5 ball pythons
  7 bats
  9 endoplasms
  2 giant cockroaches
  2 goblins
  9 hobgoblins
  9 jackals
  5 kobolds
  6 quokkas
  2 frilled lizards
  3 rats (D:1)
86 creatures vanquished.

Vanquished Creatures (collateral kills)
  An orc (D:3)
  A bat (D:3)
  A quokka (D:3)
  A rat (D:3)
4 creatures vanquished.

Grand Total: 90 creatures vanquished

Notes
Turn   | Place    | Note
-------+----------+-------------------------------------------
     0 | D:1      | RascalDebosk the Djinni Gladiator began the quest for the
                  | Orb.
     0 | D:1      | Reached XP level 1. HP: 18/18 MP: 0/0
   218 | D:1      | Reached skill level 1 in Spellcasting
   218 | D:1      | Reached XP level 2. HP: 19/23 MP: 0/0
   327 | D:1      | Reached XP level 3. HP: 28/28 MP: 0/0
   327 | D:1      | Learned a level 1 spell: Sting
   366 | D:1      | Found a faded altar of an unknown god.
   406 | D:1      | Reached skill level 2 in Spellcasting
  1320 | D:2      | Noticed Natasha
  1328 | D:2      | Killed Natasha
  1329 | D:2      | Reached XP level 4. HP: 20/33 MP: 0/0
  1744 | D:2      | Noticed Natasha
  1754 | D:2      | Killed Natasha
  1755 | D:2      | Reached skill level 3 in Spellcasting
  2001 | D:3      | Reached XP level 5. HP: 38/38 MP: 0/0
  2001 | D:3      | Learned a level 2 spell: Call Imp
  2725 | D:4      | Reached skill level 4 in Spellcasting
  2725 | D:4      | Reached XP level 6. HP: 40/43 MP: 0/0
  2769 | D:4      | Found a shadowy altar of Dithmenos.
  2998 | D:4      | Reached skill level 1 in Armour
  3241 | D:4      | Noticed an ogre
  3261 | D:4      | Killed an ogre
  3262 | D:4      | Reached XP level 7. HP: 26/49 MP: 0/0
  3262 | D:4      | Learned a level 3 spell: Volatile Blastmotes
  3358 | D:4      | Found a staircase to the Ecumenical Temple.
  3368 | Temple   | Entered the Ecumenical Temple
  3656 | D:5      | Entered Level 5 of the Dungeon
  3781 | D:5      | Noticed a water moccasin
  3790 | D:4      | Killed themself with a badly aimed concussive blast

Illustrated notes

Levels and vault maps discovered:
D:1:      elethiomel_arrival_maze, layout_loops_ring,
          hellmonk_ecumenical_altar_zigzags, chequers_serial_rivers_micro_b
D:2:      layout_basic, serial_forest, infiniplex_forest_end_2,
          infiniplex_forest_end_3, infiniplex_forest_corner_2,
          infiniplex_forest_clump_small, infiniplex_forest_straight_1,
          infiniplex_forest_lined_3, infiniplex_forest_split,
          infiniplex_forest_clump_cross, uniq_natasha
D:3:      layout_loops_cross, minmay_misc_feat_room
D:4:      layout_loops_ring, grunt_dithmenos_smoke_and_mirrors,
          minmay_temple_entry_statues_pillars
D:5:      layout_basic, lightli_temple_of_fire, serial_shops,
          nicolae_shop_bloodbath_and_beyond, nicolae_shop_advertising_works
          [nicolae_subvault_shop_adworks], shop, kennysheep_little_box
Temple:   nicolae_temple_bog_church

Skill      XL: |  1  2  3  4  5  6 |
---------------+-------------------+-----
Spellcasting   | 1 2 3 4 |  4.5
Armour         | 1 |  1.7
Fighting       | |  2.8
Long Blades    | |  2.6
Throwing       | |  1.5
Dodging        | |  3.2

Action                     |  1- 3 |  4- 6 |  7- 9 || total
---------------------------+-------+-------+-------++-------
  Melee: Long sword        |    91 |   103 |     4 ||   198
         Punch             |       |     1 |       ||     1
  Throw: Throwing net      |     1 |       |       ||     1
   Cast: Sting             |    12 |    55 |     2 ||    69
         Call Imp          |       |     6 |       ||     6
         Volatile Blastmot |       |       |     7 ||     7
   Stab: Distracted        |       |     2 |       ||     2
 Armour: Leather armour    |    28 |    52 |     5 ||    85
  Dodge: Dodged            |    76 |   111 |    16 ||   203
